 Dungeon Crawl Stone Soup version 0.31-a0-232-gb1c03b2570 (webtiles) character file.

Game seed: 14624407708859207108

267 qw the Shooter (level 6, -2/51 HPs)
             Began as a Minotaur Hexslinger on July 6, 2023.
             Succumbed to a water moccasin's poison
             ... on level 5 of the Dungeon.
             The game lasted 00:00:53 (3164 turns).

qw the Shooter (Minotaur Hexslinger)                Turns: 3164, Time: 00:00:53

Health: -2/51      AC:  6    Str: 12    XL:     6   Next: 0%
Magic:  6/6        EV: 16    Int: 10    God:
Gold:   130        SH:  0    Dex: 21    Spells: 6/7 levels left

rFire   . . .        Y - +1 sling (drain)
rCold   . . .        (no shield)
rNeg    . . .        h - +0 ring mail
rPois   .            (helmet restricted)
rElec   .            (no cloak)
rCorr   .            d - +0 pair of gloves
SInv    +            (no boots)
Will    .....        (no amulet)
Stlth   +            e - ring "Ahuteula" {Dex+6 SInv}
HPRegen 0.28/turn    f - +5 ring of evasion
MPRegen 0.10/turn

%: no passive effects
@: lethally poisoned (-2 -> -12)
A: horns 2, retaliatory headbutt
a: no special abilities


You were on level 5 of the Dungeon.
You visited 1 branch of the dungeon, and saw 5 of its levels.

You collected 130 gold pieces.


Innate Abilities, Weirdness & Mutations

You have a pair of horns on your head.
You reflexively headbutt those who attack you in melee.


   Skills:
 + Level 3.5 Fighting
 - Level 6.0 Ranged Weapons
 - Level 1.0 Armour
 - Level 2.1 Dodging
 - Level 1.0 Spellcasting
 - Level 2.0 Hexes


You had 6 spell levels left.
You knew the following spells:

 Your Spells              Type           Power      Damage    Failure   Level
a - Slow                  Hex            16%        N/A       34%         1

Your spell library contained the following spells:

 Spells                   Type           Power      Damage    Failure   Level
 Inner Flame              Hex/Fire       2%         N/A       83%         3
 Portal Projectile        Hex/Tloc       4%         N/A       83%         3
 Cause Fear               Hex            2%         N/A       98%         4

Inventory:

Hand Weapons
 Y - a +1 sling of draining (weapon)
Armour
 d - a +0 pair of gloves (worn)
 h - a +0 ring mail (worn)
Jewellery
 e - the ring "Ahuteula" (left hand) {Dex+6 SInv}
   (You found it on level 3 of the Dungeon)

   [ring of dexterity]

   Dex:       It affects your dexterity (+6).
   SInv:      It lets you see invisible.
 f - a +5 ring of evasion (right hand)
 j - a ring of fire
Scrolls
 b - a scroll of identify
Potions
 a - a potion of curing
 c - a potion of heal wounds {unknown}
 g - a potion of resistance

Dungeon Overview and Level Annotations

Branches:
Dungeon (5/15)
 Temple: D:4-7

Altars:
Ashenzari
Elyvilon
Fedhas
Kikubaaqudgha
Makhleb
Ru
Sif Muna
Yredelemnul
Zin

Annotations:
D:3 1 runed translucent door, 2 transporters, Crazy Yiuf; qw's ghost, weakling MiHs
D:5 Eustachio


Message History

The water moccasin bites you! The black bear barely misses you.
You furiously retaliate!
You headbutt the black bear!
You kill the black bear!
The water moccasin closely misses you.
Your Ranged Weapons skill increases to level 6!
You have reached level 6!
You shoot a sling bullet.
The sling bullet hits the water moccasin.
The water moccasin is lightly wounded.
The water moccasin bites you but does no damage.
The water moccasin bites you.
You are poisoned.
The water moccasin poisons you!
You shoot a sling bullet.
The sling bullet misses the water moccasin.
You feel very sick. The water moccasin bites you.
You shoot a sling bullet.
The sling bullet hits the water moccasin.
The water moccasin is moderately wounded.
You feel sick. The water moccasin misses you. You furiously retaliate!
You headbutt the water moccasin. The water moccasin bites you.
3162 ||| READING scroll of teleportation.
As you read the scroll of teleportation, it crumbles to dust.
You feel strangely unstable.
You feel sick. The water moccasin barely misses you. You furiously retaliate!
You headbutt the water moccasin. The water moccasin bites you.
You are lethally poisoned!
The water moccasin poisons you!
You shoot a sling bullet.
The sling bullet hits the water moccasin but does no damage.
You drain the water moccasin.
The water moccasin is severely wounded.
You feel very sick. The water moccasin bites you.
You shoot a sling bullet.
The sling bullet misses the water moccasin.
Your surroundings suddenly seem different.
Eustachio the Magnificent comes into view.
He is wielding a +0 rapier.
You die...

#########.
#.@......#
..........##.##
..##..###....
#..# #..## #..#
#.@# ...# #...
..# #.. .# #.


You could see Eustachio (asleep).

Vanquished Creatures
  A black bear (D:5)
  2 hounds
  A sleepcap (D:4)
  3 adders
  A worm (D:2)
  2 dart slugs (D:1)
  2 orcs
  8 bats
  3 endoplasms
  2 giant cockroaches (D:1)
  7 goblins
  2 hobgoblins (D:1)
  5 quokkas (D:1)
  4 ball pythons
  4 frilled lizards
  2 kobolds
49 creatures vanquished.

Notes
Turn   | Place    | Note
-------+----------+-------------------------------------------
     0 | D:1      | qw the Minotaur Hexslinger began the quest for the Orb.
     0 | D:1      | Reached XP level 1. HP: 16/16 MP: 1/1
     0 | D:1      | 0 ||| qw: Version: 0.3-a-46-gb1f654a
     0 | D:1      | 0 ||| qw: Game counter: 1961
     0 | D:1      | 0 ||| qw: Melee chars always use a shield: true
     0 | D:1      | 0 ||| qw: God list: Okawaru
     0 | D:1      | 0 ||| qw: Allow faded altars: false
     0 | D:1      | 0 ||| qw: Do Orc after clearing Dungeon:15 true
     0 | D:1      | 0 ||| qw: Do second Lair branch before Depths: true
     0 | D:1      | 0 ||| qw: Lair rune preference: random
     0 | D:1      | 0 ||| qw: Goals: Normal
     0 | D:1      | 0 ||| PLANNING D:1-11
    88 | D:1      | Reached skill level 3 in Ranged Weapons
    92 | D:1      | Reached XP level 2. HP: 20/23 MP: 2/2
   573 | D:1      | 573 ||| UPGRADING to +0 pair of gloves.
   578 | D:1      | 578 ||| READING scroll labelled LOLUJAERIO.
   621 | D:1      | 621 ||| READING scroll labelled YKHLA SUSACYJ.
   622 | D:1      | 622 ||| DROPPING scroll of poison.
   635 | D:2      | Reached XP level 3. HP: 27/29 MP: 3/3
   783 | D:2      | Found a faded altar of an unknown god.
   803 | D:2      | Reached skill level 4 in Ranged Weapons
  1347 | D:2      | 1347 ||| UPGRADING to +0 ring mail.
  1357 | D:2      | 1357 ||| DROPPING +0 robe.
  1358 | D:2      | 1358 ||| READING scroll labelled XADUOD NUUJU.
  1363 | D:2      | 1363 ||| READING scroll labelled PEUGGIDDI DATO.
  1364 | D:2      | 1364 ||| READING scroll labelled NUHEYGEOMM.
  1465 | D:2      | 1465 ||| DRINKING 2 glowing puce potions.
  1466 | D:2      | 1466 ||| DROPPING potion of magic.
  1518 | D:3      | Found a broken altar of Ashenzari.
  1522 | D:3      | Saw a vision of the Shoals and the Snake Pit.
  1522 | D:3      | Noticed a naga
  1522 | D:3      | Noticed a salamander
  1522 | D:3      | Noticed a naga warrior
  1522 | D:3      | Noticed a naga
  1522 | D:3      | Noticed a skyshark
  1522 | D:3      | Noticed a naga mage
  1522 | D:3      | Noticed a water elemental
  1522 | D:3      | Noticed a sea snake
  1522 | D:3      | Noticed a naga mage
  1522 | D:3      | Noticed a skyshark
  1522 | D:3      | Noticed a merfolk
  1522 | D:3      | Noticed a naga
  1522 | D:3      | Noticed a manticore
  1522 | D:3      | Noticed a sea snake
  1522 | D:3      | Noticed a skyshark
  1522 | D:3      | Noticed a mana viper
  1523 | D:3      | Noticed a wind drake
  1525 | D:3      | Noticed a black mamba
  1594 | D:3      | Found a runed translucent door.
  1595 | D:3      | Noticed Crazy Yiuf
  1694 | D:3      | Found a transporter.
  1697 | D:3      | Noticed qw's ghost (weakling MiHs)
  1698 | D:3      | Found a transporter.
  1767 | D:3      | Found a blossoming altar of Fedhas.
  1801 | D:3      | Reached skill level 1 in Armour
  1833 | D:3      | Identified the ring "Ahuteula" {Dex+6 SInv}
  1962 | D:3      | Reached XP level 4. HP: 36/36 MP: 4/4
  2209 | D:3      | 2209 ||| UPGRADING to ring "Ahuteula" {Dex+6 SInv}.
  2210 | D:3      | 2210 ||| UPGRADING to +5 ring of evasion.
  2211 | D:3      | 2211 ||| READING scroll labelled QAIDWA LIGYPHA.
  2212 | D:3      | 2212 ||| DRINKING 2 yellow potions.
  2280 | D:4      | Found an ancient bone altar of Kikubaaqudgha.
  2295 | D:4      | Found a sacrificial altar of Ru.
  2445 | D:4      | Found a white marble altar of Elyvilon.
  2632 | D:4      | Reached skill level 5 in Ranged Weapons
  2640 | D:4      | Reached XP level 5. HP: 44/44 MP: 5/5
  2671 | D:4      | Found a burning altar of Makhleb.
  2675 | D:4      | Noticed a green death
  2676 | D:4      | Found a glowing silver altar of Zin.
  2677 | D:4      | Noticed an angel
  3017 | D:4      | Found a shimmering blue altar of Sif Muna.
  3017 | D:4      | Found a basalt altar of Yredelemnul.
  3130 | D:4      | 3130 ||| READING scroll labelled KOXKELLOIGRUN.
  3131 | D:4      | 3131 ||| READING 2 scrolls of identify.
  3131 | D:4      | 3131 ||| IDENTIFYING amethyst potion
  3148 | D:5      | Entered Level 5 of the Dungeon
  3149 | D:5      | Noticed a black bear
  3152 | D:5      | Noticed a water moccasin
  3155 | D:5      | Reached skill level 3 in Fighting
  3158 | D:5      | Killed a black bear
  3159 | D:5      | Reached skill level 6 in Ranged Weapons
  3159 | D:5      | Reached XP level 6. HP: 23/51 MP: 6/6
  3161 | D:5      | HP: 12/51 [poisoned by a water moccasin]
  3162 | D:5      | 3162 ||| READING scroll of teleportation.
  3163 | D:5      | HP: 3/51 [poisoned by a water moccasin]
  3164 | D:5      | Noticed Eustachio
  3164 | D:5      | Succumbed to a water moccasin's poison

Levels and vault maps discovered:
D:1:      erik_arrival_blinker_ship, layout_basic
D:2:      layout_loops_ring, serial_forest, infiniplex_forest_lined_4_way,
          infiniplex_forest_lined_room_, infiniplex_forest_lined_ring,
          infiniplex_forest_lined_corner, infiniplex_forest_clump_small,
          infiniplex_forest_lined_3_way, infiniplex_forest_straight_4,
          infiniplex_forest_clump_double, infiniplex_forest_lined_3,
          infiniplex_forest_end_2, ebering_ecumenical_altar_hall
D:3:      layout_loops_ring, nicolae_overflow_crystal_walls,
          grunt_ashenzari_visionary [grunt_ashenzari_visionary_shoals,
          grunt_ashenzari_visionary_snake], gammafunk_ghost_arena,
          uniq_crazy_yiuf_cottage
D:4:      layout_basic, mainiacjoe_overflow_six_doors_small,
          mainiacjoe_overflow_paths, grunt_temple_overflow_order_and_chaos_2,
          minitemple, nicolae_ru_awakened_eye
D:5:      layout_rooms, nemelex_spade_bored_becter,
          minmay_temple_entry_purple_smoke, uniq_eustachio, uniq_blork_the_orc

Skill      XL: |  1  2  3  4  5 |
---------------+----------------+-----
Ranged Weapons | 3 4 5 6 |  6.0
Fighting       | 2 3 |  3.5
Armour         | 1 |  1.0
Dodging        | |  2.1
Spellcasting   | |  1.0
Hexes          | |  2.0

Action                     |  1- 3 |  4- 6 || total
---------------------------+-------+-------++-------
   Fire: Sling             |   120 |    34 ||   154
    Use: Scroll            |     5 |     4 ||     9
         Potion            |     1 |     1 ||     2
 Armour: Robe              |    10 |       ||    10
         Ring mail         |     4 |     4 ||     8
  Dodge: Dodged            |    30 |    17 ||    47

Table legend:
 A = Non-vault XP
 B = Vault XP
 C = Vault XP percentage of total XP
 D = Non-vault monster count
 E = Vault monster count
 F = Vault count percentage of total count
                 A         B        C        D         E       F
            +---------+---------+-------+---------+---------+-------
      Total |     382 |       0 |   0.0 |      49 |       0 |   0.0
            +---------+---------+-------+---------+---------+-------
        D:1 |      39 |       0 |   0.0 |      20 |       0 |   0.0
        D:2 |      43 |       0 |   0.0 |      10 |       0 |   0.0
        D:3 |      15 |       0 |   0.0 |       8 |       0 |   0.0
        D:4 |     109 |       0 |   0.0 |       9 |       0 |   0.0
        D:5 |     176 |       0 |   0.0 |       2 |       0 |   0.0
            +---------+---------+-------+---------+---------+-------
